 Dungeon Crawl Stone Soup version 0.27-a0-1191-g601b473118 (webtiles) character file.

Game seed: 10471831485586715456

58 Wyvernaa the Cudgeller (level 3, -22/18 (28) HPs)
             Began as a Demonspawn Gladiator on May 23, 2021.
             Killed by an exploding gnoll (26 damage)
             ... ignited by their inner flame
             ... on level 3 of the Dungeon.
             The game lasted 00:05:19 (2105 turns).

Wyvernaa the Cudgeller (Demonspawn Gladiator)       Turns: 2105, Time: 00:05:19

HP:   -22/18 (28)   AC:  5    Str: 15    XL:     3   Next: 75%
MP:   3/3           EV: 12    Int:  9    God:
Gold: 165           SH:  0    Dex: 14    Spells: 2/2 levels left

rFire    . . .     SeeInvis .   a - +1 flail
rCold    . . .     Faith    .   (no shield)
rNeg     . . .     Spirit   .   b - +1 leather armour
rPois    .         Reflect  .   c - +0 helmet
rElec    .         Harm     .   (no cloak)
rCorr    .         Rampage  .   (no gloves)
Will     .....                  (no boots)
Stlth    +.........             (no amulet)
HPRegen  0.06/turn              e - ring of flight
MPRegen  0.08/turn              (no ring)

@: confused, ambrosia-drunk, attractive, flying, very slightly contaminated,
hasted, very heavily drained, invisible (expiring), very quick
A: powered by pain 1
a: no special abilities


You were on level 3 of the Dungeon.
You visited 1 branch of the dungeon, and saw 3 of its levels.

You collected 165 gold pieces.

Inventory:

Hand Weapons
 a - a +1 flail (weapon)
Missiles
 d - 3 throwing nets (quivered)
Armour
 b - a +1 leather armour (worn)
 c - a +0 helmet (worn)
Jewellery
 e - a ring of flight (left hand)
Potions
 f - 2 potions of attraction


   Skills:
 + Level 2.3 Fighting
 * Level 3.5 Maces & Flails
 - Level 1.9 Throwing
 + Level 1.0 Armour
 + Level 3.0 Dodging


You had 2 spell levels left.
You didn't know any spells.
Your spell library contained the following spells:

 Spells                   Type           Power      Damage    Failure   Level
 Magic Dart               Conj           0%         1d3       45%         1
 Blink                    Tloc           N/A        N/A       58%         2
 Call Imp                 Summ           0%         N/A       58%         2
 Slow                     Hex            0%         N/A       58%         2
 Conjure Flame            Conj/Fire      0%         6-21      83%         3
 Mephitic Cloud           Conj/Pois/Air  0%         N/A       83%         3


Dungeon Overview and Level Annotations

Branches:
Dungeon (3/15)

Altars:
Uskayaw

Shops:
D:1 *


Innate Abilities, Weirdness & Mutations

You sometimes gain a little power by taking damage.


Message History

* * * LOW HITPOINT WARNING * * *
You feel drained.
* * * LOW HITPOINT WARNING * * *
You hit the gnoll but do no damage.
The gnoll is almost dead.
The gnoll barely misses you.
As you read the scroll labelled OZUBRO XEACUI, it crumbles to dust.
The creatures around you are filled with an inner flame!
It was a scroll of immolation.
The gnoll barely misses you.
As you read the scroll labelled HOSMEM YKUBUK, it crumbles to dust.
It is a scroll of enchant weapon.
Your +0 flail glows red for a moment.
As you read the scroll labelled YCLACKIPSI, it crumbles to dust.
You feel aware of your surroundings.
It was a scroll of magic mapping.
The gnoll barely misses you.
As you read the scroll labelled BATYIT LI NUMN, it crumbles to dust.
It is a scroll of identify.
You don't have any unidentified items.
The gnoll misses you. The gnoll is pulled toward you! x2
The gnoll is pulled toward you!
Found an escape hatch in the floor.
The gnoll is pulled toward you! The gnoll is pulled toward you!
The gnoll is pulled toward you! x2
You flicker for a moment.
The gnoll is pulled toward you! The gnoll is pulled toward you!
There is an escape hatch in the floor here.
The gnoll misses you.
You fly downwards.
The hatch slams shut behind you.
Found a stone staircase leading up.
You aren't carrying any scrolls.
You are confused.
You feel invigorated. The gnoll is pulled toward you!
You thump the gnoll!
The gnoll explodes!
The fiery explosion engulfs you!!
Ouch! That really hurt!
You die...

##.# # #...#.## # .#
#..###.# # #.#.#.##
#.##.# # #.##.###
#.#..... #.......
..<#######.#### ###.....
.......@)............#.#
...######ยง......######.#
##### #.# #.# #.# #.# #


There were no monsters in sight!

Vanquished Creatures
  2 gnolls
  An adder (D:3)
  4 endoplasms
  2 giant cockroaches (D:1)
  5 hobgoblins
  A kobold (D:3)
  2 quokkas
  4 ball pythons
  A bat (D:1)
  4 frilled lizards
  6 goblins
  7 rats
39 creatures vanquished.

Notes
Turn   | Place    | Note
-------+----------+-------------------------------------------
     0 | D:1      | Wyvernaa the Demonspawn Gladiator began the quest for the
                  | Orb.
     0 | D:1      | Reached XP level 1. HP: 16/16 MP: 1/1
   109 | D:1      | Found Okhleqewoik's General Store.
   347 | D:1      | Gained mutation: You sometimes gain a little power by
                  | taking damage. [demonic ancestry]
   347 | D:1      | Reached XP level 2. HP: 21/22 MP: 2/2
  1244 | D:2      | Reached XP level 3. HP: 12/27 MP: 3/3
  1480 | D:2      | Found a hide-covered altar of Uskayaw.
  1485 | D:2      | You fall into a shaft and drop 1 floor!
  1744 | D:3      | Reached skill level 1 in Armour
  1778 | D:2      | Found a faded altar of an unknown god.
  2105 | D:3      | Killed by an exploding gnoll... ignited by their inner
                  | flame

Illustrated notes

Levels and vault maps discovered:
D:1:      mrwooster_arrival_arrow, layout_loops_ring, serial_shops, shop_coins
D:2:      layout_loops_cross, ebering_ecumenical_altar_webs, basic_altar
D:3:      layout_loops_ring, regret_index_temple_of_mockery, kennysheep_boxes

Skill      XL: |  1  2  3 |
---------------+----------+-----
Dodging        | 3 |  3.0
Maces & Flails | 3 |  3.5
Armour         | 1 |  1.0
Fighting       | |  2.3
Throwing       | |  1.9

Action                   || total
-------------------------++-------
Melee: Flail             ||   115
  Use: Scroll            ||     5
       Potion            ||     5
 Stab: Sleeping          ||     2
Armor: Leather armour    ||    35
Dodge: Dodged            ||    76

Table legend: (Time is in decaauts)
 A = Elapsed time spent in this place.
 B = Non-inter-level travel time spent in this place.
 C = Inter-level travel time spent in this place.
 D = Time resting spent in this place.
 E = Time spent auto-exploring this place.
 F = Levels seen in this place.
 G = Mean time per level.
                   A        B        C        D        E       F      G
               +--------+--------+--------+--------+--------+-----+--------+
         Total |   2127 |   2099 |     28 |    224 |   1233 |   3 |  709.0 |
       Dungeon |   2127 |   2099 |     28 |    224 |   1233 |   3 |  709.0 |
               +--------+--------+--------+--------+--------+-----+--------+

Top non-repeatable levels by time:
     D:1: 1376 daAuts
     D:2: 450 daAuts
     D:3: 299 daAuts
